Cogmind - Beta 15 @@@ ROGUE MODE // 2025.05.27 @ 22:41:58 Player: Skysub Result: Destroyed by C-57 Dissector with Dual-blade Saw Performance ------------- Evolutions (8) 4000 Regions Visited (22) 4400 Robots Destroyed (150) 750 Value Destroyed (5743) 5743 Prototype IDs (60) 1200 Alien Tech Used (2) 400 Bonus (8641) 8641 TOTAL SCORE: 25134 Bonus ------- High Alert Combat Kills 781 Follower Combat Kills 3175 Registered with UFD 300 Met Optimus in HQ 500 Met Data Miner 300 Met Zhirov 300 Built Enhanced Grunts 300 Met R17 at Cetus 500 Found Hidden Lab 3000 Friendly Fire -515 Cogmind --------- Core Integrity 0/1450 Matter 300/300 Energy 56/100 System Corruption 19% Temperature Cool (0) Movement Core (50) Location -2/Research Parts ------- > --- POWER (3) -------- (None) > --- PROPULSION (7) --- (None) > --- UTILITY (10) ----- (None) > --- WEAPON (3) ------- (None) > --- INVENTORY (5) ---- Light Quantum Reactor Experimental Gyrokinetic Inverter Layered Medium Armor Plating Advanced Remote Datajack Peak State ------------ > --- POWER ------------ Quantum Reactor > --- PROPULSION ------- Antigrav System Antigrav System Experimental Gyrokinetic Inverter Experimental Gyrokinetic Inverter Xenon Bombardment Thruster Q-thruster Cooled Q-thruster > --- UTILITY ---------- Advanced Signal Interpreter Terrain Scanner Advanced Terrain Scan Processor Advanced Transmission Jammer Advanced Phase Shifter Experimental Propulsion Shielding Hacking Suite Hacking Suite Deep Network Scanner Improved System Shield > --- WEAPON ----------- Hypervelocity EM Gauss Rifle Linear Accelerator Segregator > --- INVENTORY -------- Cesium-ion Thruster Xenon Bombardment Thruster Layered Medium Armor Plating Experimental Powered Armor Advanced Remote Datajack [Rating: 140] Favorites ----------- Power Ion Engine Engine Ion Engine Power Core Neutrino Core Reactor Particle Reactor Propulsion Flexi-carbon Leg Treads Light Treads Leg Flexi-carbon Leg Wheel Wheel Hover Unit Antigrav System Flight Unit Cooled Q-thruster Utility Large Storage Unit Device Structural Scanner Storage Large Storage Unit Processor Rainbow Chip Hackware Hacking Suite Protection Improved Medium Armor Plating Weapon Powered Hammer Energy Gun Lightning Gun Energy Cannon Cooled Phase Cannon Ballistic Gun Subdweller Machine Gun Ballistic Cannon Magnetic Acceleration Cannon Launcher Grenade Launcher Special Weapon Junk Cannon Impact Weapon Powered Hammer Slashing Weapon Segregator Piercing Weapon Force Lance Build | -11 -10 -10 -8 -6 -6 -6 -6 -5 -5 -5 -5 -5 -5 -4 -4 -4 -4 -3 -3 -3 -3 -2 ------- Run | Yrd Mat Sub Scr Fac Low Low Dat Pro Fac Ext Cet Arc Hub Fac Upp Upp Zhi Pro Res Arm Lab Res Slots Evolved 16 | . . . . 8 . . . . 2 . . . . 2 . . . . 2 . . 2 Power 2 | . . . . . . . . . . . . . . 1 . . . . . . . 1 Propulsion 5 | . . . . 2 . . . . . . . . . . . . . . 2 . . 1 Utility 8 | . . . . 5 . . . . 2 . . . . 1 . . . . . . . . Weapon 1 | . . . . 1 . . . . . . . . . . . . . . . . . . Parts Attached 213 | 6 9 9 9 15 9 1 . 3 28 16 10 5 5 43 2 1 7 1 16 3 3 12 Power 25 | 1 1 1 2 2 . . . . 3 . 1 1 . 6 . . 2 1 2 . . 2 Engine 11 | 1 1 1 2 1 . . . . 1 . . . . 1 . . 1 . 1 . . 1 Core 6 | . . . . 1 . . . . 2 . . . . 2 . . . 1 . . . . Reactor 8 | . . . . . . . . . . . 1 1 . 3 . . 1 . 1 . . 1 Propulsion 51 | 2 2 2 4 4 2 . . . 7 3 3 . . 10 . . 2 . 3 1 . 6 Treads 11 | 2 1 . 3 . 1 . . . 1 . 2 . . 1 . . . . . . . . Leg 19 | . . . 1 4 1 . . . 6 3 1 . . 1 . . 2 . . . . . Wheel 3 | . 1 2 . . . . . . . . . . . . . . . . . . . . Hover 7 | . . . . . . . . . . . . . . 3 . . . . . . . 4 Flight 11 | . . . . . . . . . . . . . . 5 . . . . 3 1 . 2 Utility 96 | 1 3 1 1 7 5 . . 1 13 11 4 2 4 21 2 1 3 . 11 2 1 2 Device 45 | . 1 . . 3 4 . . . 7 7 . . 1 13 1 . 1 . 4 2 1 . Storage 5 | 1 1 . . . . . . . . . . . . 1 . . 1 . 1 . . . Processor 13 | . . . . 3 . . . . 1 . . 1 2 3 . . . . 3 . . . Hackware 11 | . . . . 1 . . . 1 1 . . 1 1 2 . 1 . . 2 . . 1 Protection 22 | . 1 1 1 . 1 . . . 4 4 4 . . 2 1 . 1 . 1 . . 1 Artifact . | . . . . . . . . . . . . . . . . . . . . . . . Weapon 41 | 2 3 5 2 2 2 1 . 2 5 2 2 2 1 6 . . . . . . 2 2 Energy Gun 7 | 1 1 . 1 . . . . 1 1 . . . . . . . . . . . 1 1 Energy Cannon 2 | . . . . . . . . . . . . . . 2 . . . . . . . . Ballistic Gun 15 | 1 . 3 1 . 1 1 . . . 2 2 2 1 1 . . . . . . . . Ballistic Cannon 4 | . . . . . . . . . 3 . . . . . . . . . . . . 1 Launcher 5 | . 2 2 . . . . . . 1 . . . . . . . . . . . . . Special Weapon 4 | . . . . 1 1 . . 1 . . . . . 1 . . . . . . . . Impact Weapon 1 | . . . . 1 . . . . . . . . . . . . . . . . . . Slashing Weapon 2 | . . . . . . . . . . . . . . 1 . . . . . . 1 . Piercing Weapon 1 | . . . . . . . . . . . . . . 1 . . . . . . . . Special Melee Weapon . | . . . . . . . . . . . . . . . . . . . . . . . Unidentified Prototypes 25 | . . . . 1 . . . 1 2 . 2 . . 7 . . 6 . . 1 1 4 Corrupted Parts 5 | . . . . . . . . . . . 2 . 1 1 . . . . . . . 1 System Corruption 29 | . . . . . . . . . . . 16 . 6 6 . . . . . . . 1 Parts Lost 96 | . 3 6 . . 2 1 . . 16 1 1 . 3 24 5 3 . 4 6 . 5 16 Power 13 | . 1 . . . . . . . 2 . . . . 4 1 . . 1 1 . 2 1 Propulsion 20 | . 2 2 . . . . . . 3 . 1 . . 2 1 . . . . . 1 8 Utility 43 | . . . . . 1 . . . 8 1 . . 2 13 3 3 . 2 3 . 1 6 Weapon 20 | . . 4 . . 1 1 . . 3 . . . 1 5 . . . 1 2 . 1 1 Highest Loss Streak 16 | . 2 3 . . 2 1 . . 10 1 1 . 2 8 4 3 . 4 3 . 3 16 To Critical Strikes 1 | . . . . . . . . . . . 1 . . . . . . . . . . . Average Backups 10 | 2 8 12 10 11 11 11 13 12 10 12 12 13 14 9 3 4 4 4 3 3 4 4 Power . | . . 1 . . 1 1 1 1 . . . . 1 . . 1 . . . . . . Propulsion . | 1 1 1 . 1 . 1 1 1 . 1 . . 1 . . . . . . . . . Utility 4 | . 1 3 3 5 5 6 6 4 4 5 6 6 6 4 1 . . . . 1 2 2 Weapon 3 | . 4 7 4 2 2 1 3 3 3 4 3 3 4 3 2 3 3 3 1 . . . Tool/Special . | . . . . . . . . . . . . . . . . . . . . . . . Unused Backups 30 | . . 1 13 2 2 1 . 1 . 2 . 1 . 3 . . . . . . 2 2 Power 3 | . . . . 1 . . . . . . . . . 1 . . . . . . . 1 Propulsion 5 | . . . 1 . 1 . . . . 1 . 1 . 1 . . . . . . . . Utility 13 | . . 1 5 . 1 1 . 1 . 1 . . . 1 . . . . . . 2 . Weapon 7 | . . . 6 1 . . . . . . . . . . . . . . . . . . Tool/Special 2 | . . . 1 . . . . . . . . . . . . . . . . . . 1 Average Slot Usage (%) 86 | . 95 99 98 72 83 81 78 78 76 91 90 87 85 84 74 62 62 54 59 83 83 71 Engine 5 | . 12 14 12 3 5 5 5 5 . . . . . . . . 3 . 1 4 1 . Treads 7 | . 20 14 23 1 . . . . . . 3 11 11 6 . . . . . . . . Leg 8 | . . . . 17 21 21 21 21 18 23 15 . . . . . 5 3 . . . . Wheel 2 | . 7 13 4 . . . . . . . . . . . . . . . . . . . Flight 1 | . . . . . . . . . . . . . . 4 15 10 10 10 13 23 26 17 Device 9 | . 3 7 . 13 14 15 15 11 11 17 15 10 7 15 8 10 8 6 4 7 11 7 Storage 7 | . 14 14 14 5 5 5 5 5 4 5 5 5 5 3 . . . . . . . . Processor 5 | . . . . 9 10 10 10 10 6 . . . 9 11 15 15 15 12 14 10 9 7 Hackware 5 | . . . . . 5 5 5 8 10 11 11 11 8 7 10 11 10 10 11 19 15 13 Protection 8 | . 7 6 14 5 5 5 5 5 6 14 18 23 17 8 11 8 2 5 5 6 8 6 Energy Gun 3 | . 6 2 7 5 5 3 . 4 . . . . . . . . . . . . . 3 Ballistic Gun 8 | . 14 22 20 5 5 3 . . . 2 6 14 10 6 . . . . 1 . . . Launcher 1 | . 7 2 . . 2 . . . . . . . . . . . . . . . . . Special Weapon 1 | . . . . . . 1 5 5 3 5 3 . . . . . . . . 4 3 . Impact Weapon 1 | . . . . 1 1 5 5 . 2 . . . 3 3 5 5 5 1 . . . . Peak Build Rating 140 | 6 8 16 27 84 86 90 90 98 112 90 115 122 122 138 107 77 82 82 110 110 113 140 Average Rating 63 | 4 6 13 17 76 82 88 90 91 89 81 101 119 114 110 87 71 69 60 71 105 103 98 On Entrance 73 | . 6 8 16 27 84 86 90 90 91 77 90 115 122 117 104 74 54 82 56 104 104 87 Naked Turns 9 | . . . . . . . . . . . . . . . . . . . . . . 9 Heaviest Build 108 | 12 32 37 35 60 50 56 56 58 74 81 90 92 90 108 35 12 16 10 33 29 32 55 Greatest Support 160 | 40 40 20 50 76 76 76 76 76 82 90 90 160 160 160 41 14 60 14 34 39 39 50 Greatest Overweight (x) 7 | . 3 3 1 1 . . . . 1 1 1 1 . 1 6 . . . 2 . 1 7 Average Overweight (x) . | . 1 2 . . . . . . . . . . . . . . . . . . . . Largest Inventory Capacity 15 | 8 15 15 15 15 15 15 15 15 15 15 15 15 15 15 5 5 5 5 5 5 5 5 Average Capacity 13 | 6 14 15 15 15 15 15 15 15 15 15 15 15 15 11 5 5 5 5 5 5 5 5 Most Carried 15 | 4 10 15 15 15 15 15 15 15 15 15 15 15 15 15 5 5 5 5 5 5 5 5 Average Carried 11 | 2 8 12 10 14 14 14 15 14 12 14 14 14 14 10 4 4 4 5 4 3 4 4 Final Capacity 15 | 8 15 15 15 15 15 15 15 15 15 15 15 15 15 5 5 5 5 5 5 5 5 5 Final Carried 15 | 4 10 12 15 14 14 15 15 15 14 15 13 15 14 5 5 5 5 5 3 5 5 4 Class Distribution -------------------- 43% | Mutant 12% | Scavenger-Mutant 6% | Scavenger-Tank 5% | Commander-Tank 5% | Hacker-Mutant 4% | Scavenger-Skirmisher 4% | Scavenger-Assassin 3% | Hacker-Sprinter 3% | Hacker-Skirmisher Dominant Class ---------------- Mutant | -10/Materials Mutant | -10/Subcaves Mutant | -8/Scraptown Mutant | -6/Factory Scavenger-Skirmisher | -6/Lower Caves Scavenger-Mutant | -6/Lower Caves Mutant | -6/Data Miner Hacker-Skirmisher | -5/Proximity Caves Hacker-Mutant | -5/Factory Scavenger-Tank | -5/Extension Commander-Tank | -5/Cetus Scavenger-Tank | -5/Archives Scavenger-Mutant | -5/Hub_04(d) Scavenger-Assassin | -4/Factory Hacker-Sprinter | -4/Upper Caves Hacker-Sprinter | -4/Upper Caves Hacker-Mutant | -4/Zhirov Hacker-Mutant | -3/Proximity Caves Hacker-Sprinter | -3/Research Hacker-Mutant | -3/Armory Scavenger-Mutant | -3/Lab Scavenger-Mutant | -2/Research Resources | -11 -10 -10 -8 -6 -6 -6 -6 -5 -5 -5 -5 -5 -5 -4 -4 -4 -4 -3 -3 -3 -3 -2 ----------- Run | Yrd Mat Sub Scr Fac Low Low Dat Pro Fac Ext Cet Arc Hub Fac Upp Upp Zhi Pro Res Arm Lab Res Matter Collected 5892 | 252 366 269 274 703 254 55 . . 907 451 235 111 58 1207 51 19 . . 375 17 . 288 Remotely . | . . . . . . . . . . . . . . . . . . . . . . . Salvage Created 6994 | . 430 93 . 875 180 165 . . 1508 1006 226 127 57 1786 . . . . 480 . . 61 Parts 312 | . 48 7 . 36 7 9 . . 50 25 6 9 3 80 . . . . 30 . . 2 Haulers Intercepted 3 | . 1 . . 1 . . . . 1 . . . . . . . . . . . . . Recyclers Shooed 5 | . . . . 2 . . . . . . . . . 1 . . . . 1 . . 1 Parts Field Recycled 29 | . . . . 29 . . . . . . . . . . . . . . . . . . Retrieved Matter 381 | . . . . 381 . . . . . . . . . . . . . . . . . . Parts Self-Destructed 47 | . . 6 . . 20 16 . . . . . . . . 2 3 . . . . . . Prevented 10 | . . . . . 8 . . . . . . . . . . 2 . . . . . . Kills | -11 -10 -10 -8 -6 -6 -6 -6 -5 -5 -5 -5 -5 -5 -4 -4 -4 -4 -3 -3 -3 -3 -2 ------- Run | Yrd Mat Sub Scr Fac Low Low Dat Pro Fac Ext Cet Arc Hub Fac Upp Upp Zhi Pro Res Arm Lab Res Combat Hostiles Destroyed 94 | . 16 6 . 2 4 1 . . 24 10 3 1 1 26 . . . . . . . . Melee 1 | . . . . . . . . . . . . . . 1 . . . . . . . . Guns 35 | . 7 2 . 2 3 1 . . 1 2 2 1 1 13 . . . . . . . . Cannons 26 | . . . . . . . . . 15 1 . . . 10 . . . . . . . . AOE 14 | . 9 4 . . 1 . . . . . . . . . . . . . . . . . Classes Destroyed 17 | . 8 . . 3 1 1 . . 2 1 . . . 1 . . . . . . . . Worker 8 | . . . . 1 . . . . 2 . . . . 2 . . . . 2 . . 1 Builder 18 | . 4 . . 1 . . . . 4 1 . . . 3 . . . . 5 . . . Tunneler 2 | . 2 . . . . . . . . . . . . . . . . . . . . . Hauler 3 | . 1 . . 1 . . . . 1 . . . . . . . . . . . . . Recycler 10 | . . . . 4 . . . . 1 3 . . . . . . . . 2 . . . Carrier 1 | . . . . . . . . . . 1 . . . . . . . . . . . . Operator 6 | . 1 . . 1 . . . . 1 . . 1 . 2 . . . . . . . . Watcher 7 | . 2 . . 1 . . . . 1 . 1 . . 1 . . . . . . . 1 Swarmer 19 | . 9 . . . 1 . . . 2 2 . . . 5 . . . . . . . . Saboteur 1 | . . . . . . . . . . . . . . 1 . . . . . . . . Grunt 40 | . 6 . . 1 2 1 . . 13 2 . . . 15 . . . . . . . . Brawler 1 | . . . . . . . . . 1 . . . . . . . . . . . . . Sentry 8 | . . . . . . . . . 3 4 . 1 . . . . . . . . . . Hunter 7 | . . . . . 1 . . . 3 1 . . . 2 . . . . . . . . Programmer 7 | . . . . 1 . . . . 2 . . . 1 3 . . . . . . . . Cetus Guard 3 | . . . . . . . . . . . 3 . . . . . . . . . . . Subdweller 7 | . 1 6 . . . . . . . . . . . . . . . . . . . . Scrapoid 1 | . . . . . . 1 . . . . . . . . . . . . . . . . Thug 1 | . . . . . . . . . . 1 . . . . . . . . . . . . Best Kill Streak 9 | . 7 2 . 2 3 1 . . 5 3 2 1 1 9 . . . . 3 . . 1 Combat Bots Only 9 | . 4 2 . 1 3 1 . . 4 2 1 1 1 9 . . . . . . . . Max Kills in Single Turn 3 | . 3 1 . 1 1 1 . . 1 1 1 1 1 2 . . . . 2 . . 1 Gunslinging 1 | . 1 . . . . . . . . . . . . . . . . . . . . . Exploded 1 | . 1 1 . . 1 . . . . . . . . . . . . . . . . . Melee 1 | . . . . . . . . . . . . . . 1 . . . . . . . . Uniques/NPCs Destroyed . | . . . . . . . . . . . . . . . . . . . . . . . Combat | -11 -10 -10 -8 -6 -6 -6 -6 -5 -5 -5 -5 -5 -5 -4 -4 -4 -4 -3 -3 -3 -3 -2 -------- Run | Yrd Mat Sub Scr Fac Low Low Dat Pro Fac Ext Cet Arc Hub Fac Upp Upp Zhi Pro Res Arm Lab Res Hostile Shots Fired 1513 | . 87 34 . 13 53 9 . . 271 60 21 5 33 549 82 21 . 26 61 9 48 131 Missed 566 | . 28 11 . 6 25 3 . . 72 23 8 3 11 215 42 9 . 14 24 6 19 47 Hits 947 | . 59 23 . 7 28 6 . . 199 37 13 2 22 334 40 12 . 12 37 3 29 84 Melee 26 | . . . . . . . . . 1 . . . . . . . . . . . . 25 Projectile 921 | . 59 23 . 7 28 6 . . 198 37 13 2 22 334 40 12 . 12 37 3 29 59 AOE 5 | . . 3 . . . . . . . . . . . . . . . . . . . 2 Critical Strikes 55 | . . 2 . 1 3 . . . 7 3 2 . 2 17 2 . . . 1 . . 15 Part Disruptions 3 | . . . . . . . . . . . . . . 2 . . . . . . 1 . Damage Taken 19196 | . 700 693 . 112 584 125 . . 3820 656 306 80 907 5660 817 282 . 275 695 20 785 2679 Core 3586 | . 121 119 . 29 66 . . . 373 26 . . 102 468 148 68 . 89 380 7 134 1456 Absorbed by Shields 933 | . . . . . . . . . . 239 143 . 25 508 . . . . . 18 . . Redirected to Shielding 254 | . . . . . . . . . . . . . . . . . . 60 33 . 142 19 Ignored by Resistances 8 | . . . . . . . . . . 8 . . . . . . . . . . . . Regen/Repaired (Parts) 868 | . . . . . . . . . 76 . . . . 699 . . . . . 93 . . Core Remaining (%) 54 | 100 . . 4 . . . . 88 . . . . 49 . . . . 32 . . 53 . Volleys Fired 441 | . 65 47 . 28 13 6 . 6 86 56 15 5 13 61 . . . . 19 . 1 20 Largest 3 | . 2 2 . 2 3 2 . 1 3 2 2 3 3 3 . . . . 2 . 1 2 Hottest 185 | . 60 63 . 80 113 87 . 100 132 44 33 112 105 185 . . . . 35 . . 94 Shots Fired 742 | . 98 64 . 56 28 12 . 6 142 79 22 15 29 146 . . . . 20 . 1 24 Gun 465 | . 75 45 . 56 20 12 . 6 29 26 15 10 29 106 . . . . 17 . . 19 Cannon 128 | . . . . . . . . . 68 10 . 5 . 40 . . . . . . . 5 Launcher 47 | . 23 19 . . 5 . . . . . . . . . . . . . . . . . Special 102 | . . . . . 3 . . . 45 43 7 . . . . . . . 3 . 1 . Kinetic 445 | . 54 45 . 28 10 6 . . 79 36 15 15 29 106 . . . . 17 . . 5 Thermal 80 | . 21 . . . . . . 6 13 . . . . 40 . . . . . . . . Explosive 47 | . 23 19 . . 5 . . . . . . . . . . . . . . . . . Electromagnetic 68 | . . . . 28 10 6 . . 5 . . . . . . . . . . . . 19 Impact 76 | . . . . . . . . . 44 25 7 . . . . . . . . . . . Robot Hit Streak 20 | . 4 16 . 8 8 12 . 3 20 10 14 6 4 11 . . . . 13 . . 8 Robot Miss Streak 5 | . 5 1 . 4 2 1 . . 4 3 3 1 4 3 . . . . 2 . . 1 Penetration Max 2 | . . . . . 1 . . . . 1 1 . . 2 . . . . 2 . . 1 Secondary Targets 2 | . 2 . . . . . . . . . . . . . . . . . . . . . Max Gunslinging Chain 1 | . 1 . . . . . . . . . . . . . . . . . . . . . Shots Hit Robots 494 | . 50 27 . 32 21 10 . 1 105 60 17 9 16 104 2 . . 1 19 . 2 18 Core Hits 216 | . 40 12 . 20 10 3 . . 29 16 6 5 7 49 . . . . 13 . . 6 Critical Kills 19 | . . . . 1 . . . . 3 2 . 2 . 8 . . . . 3 . . . Critical Parts Destroyed 35 | . . . . . . . . . 11 3 . . . 15 . . . . 6 . . . Critical Strikes 62 | . . . . 1 1 . . . 17 6 . 2 . 23 . . . . 11 . . 1 Burn 1 | . . . . . . . . . 1 . . . . . . . . . . . . . Meltdown 2 | . . . . . . . . . . . . . . 2 . . . . . . . . Destroy 39 | . . . . 1 . . . . 2 3 . 2 . 21 . . . . 10 . . . Blast 3 | . . . . . . . . . 2 . . . . . . . . . . . . 1 Corrupt 1 | . . . . . 1 . . . . . . . . . . . . . . . . . Smash 15 | . . . . . . . . . 12 3 . . . . . . . . . . . . Impale 1 | . . . . . . . . . . . . . . . . . . . 1 . . . Melee Attacks 102 | . . . . 6 2 . . . 24 . . . 8 39 3 1 . 1 14 . 4 . Thermal 4 | . . . . . . . . . . . . . . . . . . . . . 4 . Impact 70 | . . . . 6 2 . . . 24 . . . 8 27 1 1 . 1 . . . . Slashing 9 | . . . . . . . . . . . . . . 9 . . . . . . . . Piercing 19 | . . . . . . . . . . . . . . 3 2 . . . 14 . . . Sneak Attacks 16 | . . . . 2 1 . . . 3 . . . . 4 . . . 1 5 . . . Combat Hostiles 3 | . . . . . 1 . . . 1 . . . . . . . . 1 . . . . Follow-up Attacks 1 | . . . . . . . . . . . . . . . 1 . . . . . . . Damage Inflicted 18082 | . 1302 988 . 819 839 145 . . 4980 2180 786 218 372 4226 66 . . 56 731 . . 374 Guns 5506 | . 369 215 . 556 318 145 . . 440 534 398 134 372 1762 . . . . 195 . . 68 Cannons 3273 | . . . . . . . . . 1446 202 . 84 . 1381 . . . . . . . 160 Explosions 2445 | . 925 773 . 62 419 . . . . . . . . 120 . . . . . . . 146 Melee 2577 | . . . . 201 102 . . . 680 . . . . 939 66 . . 56 533 . . . Ramming 90 | . 8 . . . . . . . 4 51 . . . 24 . . . . 3 . . . Kinetic 6532 | . 234 215 . 272 180 103 . . 1687 736 398 218 372 1762 . . . . 195 . . 160 Thermal 1937 | . 135 . . 62 74 . . . 139 . . . . 1381 . . . . . . . 146 Explosive 2163 | . 925 773 . . 345 . . . . . . . . 120 . . . . . . . . Electromagnetic 592 | . . . . 284 138 42 . . 60 . . . . . . . . . . . . 68 Impact 5763 | . . . . 201 102 . . . 3090 1393 388 . . 496 37 . . 56 . . . . Slashing 311 | . . . . . . . . . . . . . . 311 . . . . . . . . Piercing 694 | . . . . . . . . . . . . . . 132 29 . . . 533 . . . Highest Corruption 26 | . . . . 1 1 1 1 1 2 3 14 14 22 17 22 24 24 26 . . 8 19 Average Corruption 4 | . . . . 1 1 1 1 1 1 2 12 14 15 10 17 22 24 25 . . 5 3 Corruption Purged 5 | . . . . . . . . . . 3 2 . . . . . . . . . . . Corruption Blocked . | . . . . . . . . . . . . . . . . . . . . . . . Effects 163 | . . . . 5 16 13 1 2 16 9 6 10 15 32 7 11 5 4 . . 2 9 Message Errors 25 | . . . . 2 5 1 . . 2 2 1 2 2 3 1 3 . . . . . 1 Matter Fused 29 | . . . . . 2 3 1 . 3 3 2 1 4 4 3 1 1 . . . . 1 Heat Flow Errors 25 | . . . . 2 2 1 . . 4 2 . 2 4 4 1 2 . . . . . 1 Energy Discharges 20 | . . . . . 3 4 . 1 1 . . 1 2 4 . . . 2 . . . 2 Parts Rejected 5 | . . . . . . . . . 1 . . . . 4 . . . . . . . . Parts Fused 2 | . . . . . . . . . . . . 1 . . . . . . . . 1 . Data Loss (minor) 18 | . . . . . 3 3 . . 3 . 1 1 . 1 1 2 3 . . . . . Data Loss (major) 12 | . . . . 1 1 . . . 1 1 2 . 1 1 . 2 1 . . . 1 . Misfires 5 | . . . . . . 1 . 1 . 1 . 1 . 1 . . . . . . . . Alerts 2 | . . . . . . . . . . . . . . 2 . . . . . . . . Misdirections 16 | . . . . . . . . . . . . . 1 7 1 1 . 2 . . . 4 Weapon Failures 4 | . . . . . . . . . 1 . . 1 1 1 . . . . . . . . Overload Shots 5 | . . . . . . . . . . . . . . 5 . . . . . . . . Effects 1 | . . . . . . . . . . . . . . 1 . . . . . . . . Heat Surge 1 | . . . . . . . . . . . . . . 1 . . . . . . . . Overflow Damage 2434 | . 48 . . . 67 . . . 1234 531 36 . . 303 . . . 21 152 . . 42 Projectiles 1658 | . . . . . . . . . 1042 526 36 . . 26 . . . . . . . 28 Explosions 75 | . 48 . . . . . . . . . . . . 13 . . . . . . . 14 Melee 701 | . . . . . 67 . . . 192 5 . . . 264 . . . 21 152 . . . Knockbacks 36 | . . . . . 1 . . . 23 6 . . . 4 . . . . . . . 2 Impact 18 | . . . . . 1 . . . 8 5 . . . 4 . . . . . . . . Kinetic 15 | . . . . . . . . . 13 . . . . . . . . . . . . 2 Secondary 3 | . . . . . . . . . 2 1 . . . . . . . . . . . . Self-Inflicted Damage 210 | . 110 52 . . 30 . . . . . . . . . . . . . 1 . . 17 Shots 10 | . 6 2 . . 1 . . . . . . . . . . . . . . . . 1 Rammed 9 | 1 3 . . . . . . . . . . . . 4 . . . . 1 . . . Targets Rammed 14 | 1 3 . . . . . . . 1 4 . . . 4 . . . . 1 . . . Kicked 5 | . . . . . . . . . 1 4 . . . . . . . . . . . . Crushed . | . . . . . . . . . . . . . . . . . . . . . . . Highest Temperature 406 | . 44 . . 331 208 221 . 312 319 212 . 221 163 406 112 166 . . . . . 68 Average Temperature 89 | . 18 . . 102 71 75 . 140 108 48 . 92 52 111 61 78 . . . . . 35 Received Heat Transfer 2907 | . 102 63 . 18 135 54 . . 1176 235 9 9 159 836 36 30 . . 36 9 . . Effects 4 | . . . . . . . . . 1 . . . . 3 . . . . . . . . Shutdowns 1 | . . . . . . . . . . . . . . 1 . . . . . . . . Energy Bleed 2 | . . . . . . . . . 1 . . . . 1 . . . . . . . . Damage (minor) 1 | . . . . . . . . . . . . . . 1 . . . . . . . . Siege Activations . | . . . . . . . . . . . . . . . . . . . . . . . Martial Activations . | . . . . . . . . . . . . . . . . . . . . . . . Shielding Activations . | . . . . . . . . . . . . . . . . . . . . . . . Robots Disrupted 6 | . . . . 2 . 1 . . . . . . . . . . . . . . . 3 Combat Hostiles 1 | . . . . . . 1 . . . . . . . . . . . . . . . . Robots Corrupted 22 | . . . . . . . . . 11 8 1 . . 2 . . . . . . . . Combat Hostiles 15 | . . . . . . . . . 8 6 1 . . . . . . . . . . . Parts Fried 41 | . . . . 3 1 . . . 19 12 1 . . 5 . . . . . . . . Impact Corruptions 61 | . . . . . 1 . . . 35 16 2 . . 6 . . . 1 . . . . Robots Melted 2 | . . . . . . . . . . . . . . 2 . . . . . . . . Combat Hostiles 2 | . . . . . . . . . . . . . . 2 . . . . . . . . Parts Melted 6 | . 1 . . . . . . . . . . . . 5 . . . . . . . . Heat Transferred 2123 | . 300 . . . 50 . . . 337 . . . . 1286 . . . . . . . 150 Parts Sabotaged . | . . . . . . . . . . . . . . . . . . . . . . . Parts Stolen . | . . . . . . . . . . . . . . . . . . . . . . . Parts Stripped . | . . . . . . . . . . . . . . . . . . . . . . . Power Chain Reactions 5 | . . . . 1 1 . . . . . . . . . . . . . . . . 3 Alert | -11 -10 -10 -8 -6 -6 -6 -6 -5 -5 -5 -5 -5 -5 -4 -4 -4 -4 -3 -3 -3 -3 -2 ------- Run | Yrd Mat Sub Scr Fac Low Low Dat Pro Fac Ext Cet Arc Hub Fac Upp Upp Zhi Pro Res Arm Lab Res Maximum Alert Level 4 | . 1 . . . . . . . 3 3 2 1 2 4 . . . . . . . . Low Security (%) 51 | 100 85 . . 100 . . . . 22 . . 6 27 33 . . . . 100 100 . 100 Level 1 15 | . 14 . . . . . . . 8 48 . 93 10 22 . . . . . . . . Level 2 23 | . . . . . . . . . 60 33 100 . 62 6 . . . . . . . . Level 3 9 | . . . . . . . . . 8 17 . . . 37 . . . . . . . . Level 4 . | . . . . . . . . . . . . . . . . . . . . . . . Level 5 . | . . . . . . . . . . . . . . . . . . . . . . . High Security . | . . . . . . . . . . . . . . . . . . . . . . . Max Security . | . . . . . . . . . . . . . . . . . . . . . . . Peak Influence 1141 | . 233 . . 30 . . . . 930 959 623 285 603 1141 . . . . 73 24 . 34 Initial 533 | . . . . . . . . . . 451 533 202 78 276 . . . . 54 6 . . Average 266 | . 113 . . 2 . . . . 382 471 558 241 386 437 . . . . 41 11 . 3 Influence Increases 8214 | . 615 . . 126 395 235 . . 1641 1634 390 223 757 1636 120 60 . 90 199 18 . 75 Destroy 0b10 Robot/C 3260 | . 300 . . 40 240 140 . . 880 680 160 80 220 520 . . . . . . . . Destroy 0b10 Robot/NC 330 | . 50 . . 45 . . . . 80 40 10 5 5 40 . . . . 45 . . 10 Destroy Leader 526 | . 66 . . 14 30 20 . . 168 94 . . 50 82 . . . . . . . 2 Allied During Kill 1597 | . . . . . 125 75 . . 204 715 170 85 223 . . . . . . . . . Trap Triggered on 0b10 10 | . . . . . . . . . . . . . . 10 . . . . . . . . Successful Hack 223 | . 28 . . 20 . . . . 24 14 . . 42 72 . . . . 5 18 . . Select Force Hacks 30 | . 30 . . . . . . . . . . . . . . . . . . . . . Disable Machine 495 | . 45 . . . . . . . 90 . . 45 105 180 . . . . 15 . . 15 Destroy Structure 708 | . 96 . . 7 . . . . 150 46 50 8 82 222 . . . . 14 . . 33 Partial Spotted 75 | . . . . . . . . . . 15 . . . 45 . . . . 15 . . . Lose Combat Pursuer 960 | . . . . . . . . . 45 30 . . 30 465 120 60 . 90 105 . . 15 Influence Decreases 8214 | . 563 52 . 125 290 341 . . 719 1603 836 505 417 1035 542 262 542 10 266 31 . 75 Entered New Map 2829 | . . 26 . . 1 21 . . . 471 420 305 147 289 432 142 542 . 26 7 . . Time Decay 3463 | . 533 26 . 103 249 290 . . 450 422 246 80 140 506 60 90 . 10 180 24 . 54 Lost Part 665 | . 30 . . . 20 10 . . 160 10 10 . 30 240 50 30 . . 60 . . 15 Lost Ally 635 | . . . . . 20 20 . . 109 100 160 120 100 . . . . . . . . 6 Purge Threat 622 | . . . . 22 . . . . . 600 . . . . . . . . . . . . Squads Dispatched 61 | . 4 . . 3 . . . . 14 4 . . 5 20 . . . . 4 3 . 4 Investigation 22 | . 3 . . 1 . . . . 4 3 . . 1 7 . . . . 2 1 . . Extermination 8 | . . . . 2 . . . . 2 . . . . 3 . . . . . . . 1 Reinforcement 23 | . 1 . . . . . . . 7 1 . . 4 5 . . . . 2 2 . 1 Assault 6 | . . . . . . . . . . . . . . 4 . . . . . . . 2 Garrison 2 | . . . . . . . . . 1 . . . . 1 . . . . . . . . Intercept . | . . . . . . . . . . . . . . . . . . . . . . . Searches Triggered . | . . . . . . . . . . . . . . . . . . . . . . . Data Miner Redirects 7 | . . . . . . . . . 2 . . . . 5 . . . . . . . . Construction Impeded 9 | . . . . . . . . . 4 1 . . 2 1 . . . . 1 . . . Haulers Reinforced 3 | . . . . . . . . . 2 . . . . . . . . . 1 . . . Active Scanning Responses . | . . . . . . . . . . . . . . . . . . . . . . . Cargo Convoy Interrupts 1 | . . . . . . . . . . . . . . 1 . . . . . . . . Stealth | -11 -10 -10 -8 -6 -6 -6 -6 -5 -5 -5 -5 -5 -5 -4 -4 -4 -4 -3 -3 -3 -3 -2 --------- Run | Yrd Mat Sub Scr Fac Low Low Dat Pro Fac Ext Cet Arc Hub Fac Upp Upp Zhi Pro Res Arm Lab Res Distress Signals 20 | . 2 . . . . . . . 7 1 2 . 1 3 . . . . 4 . . . Communications Jammed 1 | . . . . . . . . . 1 . . . . . . . . . . . . . Distress Signals 1 | . . . . . . . . . 1 . . . . . . . . . . . . . Times Spotted 346 | . 32 6 . 5 13 4 . . 52 33 9 5 16 77 17 8 . 15 32 3 1 18 Peak Tracking Total 13 | . 5 2 . 2 7 3 . . 9 5 5 1 6 13 8 6 . 9 7 3 1 10 Tactical Retreats 28 | . . . . . . . . . 3 1 . . 1 11 3 2 . 2 4 . . 1 Traps | -11 -10 -10 -8 -6 -6 -6 -6 -5 -5 -5 -5 -5 -5 -4 -4 -4 -4 -3 -3 -3 -3 -2 ------- Run | Yrd Mat Sub Scr Fac Low Low Dat Pro Fac Ext Cet Arc Hub Fac Upp Upp Zhi Pro Res Arm Lab Res Traps Triggered 5 | . 2 . . . . . . . . 1 . . . 1 . . . . 1 . . . Indirectly . | . . . . . . . . . . . . . . . . . . . . . . . Trap Hack Attempts . | . . . . . . . . . . . . . . . . . . . . . . . Triggered . | . . . . . . . . . . . . . . . . . . . . . . . Disarmed 1 | . . . . . . . . . . 1 . . . . . . . . . . . . Reprogrammed 1 | . . . . . . . . . . . . . . 1 . . . . . . . . Reused 1 | . . . . . . . . . . . . . . 1 . . . . . . . . Traps Extracted . | . . . . . . . . . . . . . . . . . . . . . . . Installed . | . . . . . . . . . . . . . . . . . . . . . . . Triggered 1 | . . . . . . . . . . . . . . 1 . . . . . . . . Machines | -11 -10 -10 -8 -6 -6 -6 -6 -5 -5 -5 -5 -5 -5 -4 -4 -4 -4 -3 -3 -3 -3 -2 ---------- Run | Yrd Mat Sub Scr Fac Low Low Dat Pro Fac Ext Cet Arc Hub Fac Upp Upp Zhi Pro Res Arm Lab Res Machines Disabled 44 | . 3 1 . . 5 . . 1 6 4 . 3 7 12 . . . . 1 . . 1 Max in Single Turn 4 | . 1 1 . . 1 . . 1 1 1 . 1 1 4 . . . . 1 . . 1 Garrison Access 8 | . . . . . . . . . 2 . . . 1 1 . . . . 2 . . 2 Machines Repaired . | . . . . . . . . . . . . . . . . . . . . . . . Machines Dismantled . | . . . . . . . . . . . . . . . . . . . . . . . Machines Sabotaged . | . . . . . . . . . . . . . . . . . . . . . . . Overloaded Fab Kills . | . . . . . . . . . . . . . . . . . . . . . . . Hacking | -11 -10 -10 -8 -6 -6 -6 -6 -5 -5 -5 -5 -5 -5 -4 -4 -4 -4 -3 -3 -3 -3 -2 --------- Run | Yrd Mat Sub Scr Fac Low Low Dat Pro Fac Ext Cet Arc Hub Fac Upp Upp Zhi Pro Res Arm Lab Res Machines Accessed 72 | . 9 1 2 4 1 . 4 . 9 9 . . 4 11 . 1 4 . 8 2 1 2 Terminals 31 | . 7 . . 2 . . . . 3 8 . . 3 5 . . . . 2 . . 1 Fabricators 4 | . . . . 1 . . . . 2 . . . . . . . . . 1 . . . Repair Stations 4 | . . . . . . . . . . . . . . 2 . . . . 1 1 . . Recycling Units 13 | . 2 . . 1 . . . . 2 1 . . . 4 . . . . 2 1 . . Scanalyzers . | . . . . . . . . . . . . . . . . . . . . . . . Garrison Access 6 | . . . . . . . . . 2 . . . 1 . . . . . 2 . . 1 Total Hacks 243 | . 27 1 7 14 1 . 31 . 25 36 . . 11 37 . 1 17 . 22 8 1 4 Successful 159 | . 12 1 7 6 1 . 31 . 18 21 . . 8 19 . 1 17 . 9 4 1 3 Failed 84 | . 15 . . 8 . . . . 7 15 . . 3 18 . . . . 13 4 . 1 Catastrophic 18 | . 4 . . 3 . . . . . 3 . . 1 3 . . . . 4 . . . Database Lockouts . | . . . . . . . . . . . . . . . . . . . . . . . Manual 99 | . 20 . . 9 . . . 1 8 21 1 . 5 20 . . . . 8 3 1 2 Terminals 111 | . 21 . . 9 . . . . 13 32 . . 9 18 . . . . 6 . . 3 Fabricators 10 | . . . . 2 . . . . 5 . . . . . . . . . 3 . . . Repair Stations 12 | . . . . . . . . . . . . . . 7 . . . . 2 3 . . Recycling Units 42 | . 6 . . 3 . . . . 5 4 . . . 12 . . . . 7 5 . . Scanalyzers . | . . . . . . . . . . . . . . . . . . . . . . . Garrison Access 9 | . . . . . . . . . 2 . . . 2 . . . . . 4 . . 1 Terminal Hacks 92 | . 3 1 7 2 1 . 31 . 3 17 . . 4 2 . 1 17 . 1 . 1 1 Record 25 | . . . 7 . . . 11 . 1 . . . . . . . 5 . . . 1 . Part Schematic 16 | . . . . . . . 12 . . . . . . . . . 4 . . . . . Robot Schematic 5 | . . . . . . . 5 . . . . . . . . . . . . . . . Robot Analysis 5 | . . . . . . . . . . 1 . . . . . . 4 . . . . . Prototype ID Bank 9 | . . . . . . . 3 . . 1 . . 1 . . . 4 . . . . . Open Door 2 | . . . . . 1 . . . . . . . . . . 1 . . . . . . Level Access Points 1 | . . . . . . . . . . . . . 1 . . . . . . . . . Branch Access Points 3 | . 1 . . 1 . . . . 1 . . . . . . . . . . . . . Terminal Index 1 | . . . . . . . . . . . . . 1 . . . . . . . . . Recycling Unit Index 1 | . . . . . . . . . . 1 . . . . . . . . . . . . Alert Level 5 | . . . . . . . . . 1 3 . . . 1 . . . . . . . . Unreport Threat 5 | . . . . 1 . . . . . 4 . . . . . . . . . . . . Locate Traps 1 | . 1 . . . . . . . . . . . . . . . . . . . . . Disarm Traps 1 | . . . . . . . . . . 1 . . . . . . . . . . . . Reprogram Traps 1 | . . . . . . . . . . . . . . 1 . . . . . . . . Dispatch Records 2 | . . . . . . . . . . 2 . . . . . . . . . . . . Reinforcement Status 1 | . . . . . . . . . . 1 . . . . . . . . . . . . Recall Reinforcements 1 | . . . . . . . . . . 1 . . . . . . . . . . . . Registered Components 1 | . . . . . . . . . . . . . . . . . . . . . . 1 Zone Layout 5 | . 1 . . . . . . . . 2 . . 1 . . . . . 1 . . . Proto ID Catalog 1 | . . 1 . . . . . . . . . . . . . . . . . . . . Fabricator Hacks 7 | . . . . 1 . . . . 4 . . . . . . . . . 2 . . . Network Status 3 | . . . . 1 . . . . 2 . . . . . . . . . . . . . Load Schematic 3 | . . . . . . . . . 1 . . . . . . . . . 2 . . . Build 1 | . . . . . . . . . 1 . . . . . . . . . . . . . Repair Station Hacks 7 | . . . . . . . . . . . . . . 5 . . . . . 2 . . Scan Component 3 | . . . . . . . . . . . . . . 2 . . . . . 1 . . Repair 3 | . . . . . . . . . . . . . . 2 . . . . . 1 . . Refit 1 | . . . . . . . . . . . . . . 1 . . . . . . . . Recycling Unit Hacks 13 | . 2 . . 1 . . . . 3 1 . . . 4 . . . . 1 1 . . Report Inventory 11 | . 2 . . 1 . . . . 2 1 . . . 3 . . . . 1 1 . . Retrieve Components 2 | . . . . . . . . . 1 . . . . 1 . . . . . . . . Scanalyzer . | . . . . . . . . . . . . . . . . . . . . . . . Garrison Access Hacks 6 | . . . . . . . . . 2 . . . 1 . . . . . 2 . . 1 Seal Access 6 | . . . . . . . . . 2 . . . 1 . . . . . 2 . . 1 Unauthorized Hacks 34 | . 7 . . 2 . . . . 6 3 . . 3 8 . . . . 3 1 . 1 Terminals 22 | . 6 . . 2 . . . . 3 3 . . 3 3 . . . . 1 . . 1 Botnet 21 | . 6 . . 2 . . . . 3 3 . . 2 3 . . . . 1 . . 1 Sabotage 1 | . . . . . . . . . . . . . 1 . . . . . . . . . Fabricators 1 | . . . . . . . . . 1 . . . . . . . . . . . . . Report 1 | . . . . . . . . . 1 . . . . . . . . . . . . . Repair Stations 1 | . . . . . . . . . . . . . . 1 . . . . . . . . Patch 1 | . . . . . . . . . . . . . . 1 . . . . . . . . Recycling Units 10 | . 1 . . . . . . . 2 . . . . 4 . . . . 2 1 . . Tunnel 1 | . 1 . . . . . . . . . . . . . . . . . . . . . Fedlink 8 | . . . . . . . . . 1 . . . . 4 . . . . 2 1 . . Scrapoids 1 | . . . . . . . . . 1 . . . . . . . . . . . . . Scanalyzers . | . . . . . . . . . . . . . . . . . . . . . . . Garrison Access . | . . . . . . . . . . . . . . . . . . . . . . . Data Cores Recovered 2 | . . . . . . . . . 1 . . . . 1 . . . . . . . . Used 2 | . . . . . . . . . 1 . . . . 1 . . . . . . . . Hacking Detections 48 | . 8 . . 4 . . . . 7 9 . . 4 9 . . . . 5 1 . 1 Full Trace Events 11 | . 3 . . 1 . . . . 2 3 . . . 2 . . . . . . . . Feedback Events . | . . . . . . . . . . . . . . . . . . . . . . . Feedback Blocked . | . . . . . . . . . . . . . . . . . . . . . . . Robot Schematics Acquired 5 | . . . . . . . 5 . . . . . . . . . . . . . . . Robots Built 2 | . . . . . . . . . 2 . . . . . . . . . . . . . Authchips . | . . . . . . . . . . . . . . . . . . . . . . . Time 67 | . . . . . . . . . 67 . . . . . . . . . . . . . Total Robot Build Rating 8 | . . . . . . . . . 8 . . . . . . . . . . . . . Part Schematics Acquired 16 | . . . . . . . 12 . . . . . . . . . 4 . . . . . Parts Built . | . . . . . . . . . . . . . . . . . . . . . . . Authchips . | . . . . . . . . . . . . . . . . . . . . . . . Time . | . . . . . . . . . . . . . . . . . . . . . . . Total Part Build Rating . | . . . . . . . . . . . . . . . . . . . . . . . Parts Repaired 3 | . . . . . . . . . . . . . . 2 . . . . . 1 . . Time 134 | . . . . . . . . . . . . . . 108 . . . . . 26 . . Parts Recycled . | . . . . . . . . . . . . . . . . . . . . . . . Recycled Matter . | . . . . . . . . . . . . . . . . . . . . . . . Retrieved Matter . | . . . . . . . . . . . . . . . . . . . . . . . Retrieved Components 16 | . . . . . . . . . 10 . . . . 6 . . . . . . . . Parts Scanalyzed . | . . . . . . . . . . . . . . . . . . . . . . . Part Schematics Acquired . | . . . . . . . . . . . . . . . . . . . . . . . Parts Damaged . | . . . . . . . . . . . . . . . . . . . . . . . Bothacking | -11 -10 -10 -8 -6 -6 -6 -6 -5 -5 -5 -5 -5 -5 -4 -4 -4 -4 -3 -3 -3 -3 -2 ------------ Run | Yrd Mat Sub Scr Fac Low Low Dat Pro Fac Ext Cet Arc Hub Fac Upp Upp Zhi Pro Res Arm Lab Res Used RIF Installer . | . . . . . . . . . . . . . . . . . . . . . . . Robots Hacked 3 | . . . . . . . . . 1 2 . . . . . . . . . . . . Non-combat . | . . . . . . . . . . . . . . . . . . . . . . . Combat 1 | . . . . . . . . . . 1 . . . . . . . . . . . . Robot Hacks Applied 1 | . . . . . . . . . . 1 . . . . . . . . . . . . parse_system 1 | . . . . . . . . . . 1 . . . . . . . . . . . . Manual 2 | . . . . . . . . . 1 1 . . . . . . . . . . . . Relay Couplers Released . | . . . . . . . . . . . . . . . . . . . . . . . Fabnet Peak Effective % . | . . . . . . . . . . . . . . . . . . . . . . . Robots Rewired 19 | . . . . . 3 . . . . 10 . . . . . . . . . 4 . 2 Allies Hacked 2 | . . . . . . . . . 2 . . . . . . . . . . . . . Hacks Repelled 1 | . . . . . . . . . . . . . . . . . . . 1 . . . Allies | -11 -10 -10 -8 -6 -6 -6 -6 -5 -5 -5 -5 -5 -5 -4 -4 -4 -4 -3 -3 -3 -3 -2 -------- Run | Yrd Mat Sub Scr Fac Low Low Dat Pro Fac Ext Cet Arc Hub Fac Upp Upp Zhi Pro Res Arm Lab Res Total Allies 49 | . . . . . 8 . . . 8 21 5 1 . . . . . . . 4 . 2 Largest Group 18 | . . . . . 6 6 4 4 7 18 16 13 7 . . . . . . 4 . 1 Highest-Rated Group 872 | . . . . . 231 197 103 103 302 623 872 758 442 . . . . . . 256 . 20 Highest-Rated Ally 159 | . . . . . 47 47 43 43 85 159 159 159 96 . . . . . . 64 . 20 Total Orders . | . . . . . . . . . . . . . . . . . . . . . . . Ally Attacks 589 | . . . . . 86 46 . 2 99 169 60 45 82 . . . . . . . . . Total Damage 15328 | . . . . . 1647 803 . 15 2817 4595 1739 1132 2580 . . . . . . . . . Kills 91 | . . . . . 10 6 . . 27 28 6 3 11 . . . . . . . . . Allies Corrupted 2 | . . . . . . . . . . . . . 1 . . . . . . . . 1 Allies Melted 2 | . . . . . . . . . . 1 . . . . 1 . . . . . . . Intel | -11 -10 -10 -8 -6 -6 -6 -6 -5 -5 -5 -5 -5 -5 -4 -4 -4 -4 -3 -3 -3 -3 -2 ------- Run | Yrd Mat Sub Scr Fac Low Low Dat Pro Fac Ext Cet Arc Hub Fac Upp Upp Zhi Pro Res Arm Lab Res Active Infowar (turns) 10061 | . 442 985 . 1147 1154 1243 126 512 1293 514 . . 272 1367 139 182 124 17 134 66 33 311 Optics 7124 | . . . . 1143 1154 1243 126 512 920 . . . 211 1367 139 168 124 17 . . . . Sensors 4340 | . . . . . 1142 1243 126 512 188 . . . . 1116 4 . . . 9 . . . Terrain 509 | . . . . . . . . . . . . . . 10 . . . . 89 66 33 311 Structural 8760 | . 442 985 . 1134 1154 1243 126 512 812 514 . . 272 1156 69 157 124 14 46 . . . Jamming 418 | . . . . . . . . . 355 . . . . . . . . . . 11 . 52 ECM 7 | . . . . 6 . . . . 1 . . . . . . . . . . . . . Robot Analysis Total 5 | . . . . . . . . . . 1 . . . . . . 4 . . . . . Derelict Logs Recovered 14 | . . 2 5 . 1 2 . 2 . . . . . . 1 1 . . . . . . Drone Launches . | . . . . . . . . . . . . . . . . . . . . . . . Drone Recoveries . | . . . . . . . . . . . . . . . . . . . . . . . Exploration | -11 -10 -10 -8 -6 -6 -6 -6 -5 -5 -5 -5 -5 -5 -4 -4 -4 -4 -3 -3 -3 -3 -2 ------------- Run | Yrd Mat Sub Scr Fac Low Low Dat Pro Fac Ext Cet Arc Hub Fac Upp Upp Zhi Pro Res Arm Lab Res Turns Passed 16293 | 69 1606 1723 2361 1174 1154 1243 126 512 1425 1033 536 176 284 1367 139 182 124 47 362 66 110 474 Spaces Moved 12129 | 40 1030 1279 1593 619 862 966 98 357 703 600 216 70 129 1171 288 455 217 128 617 108 142 441 Core 75 | 8 . . . . . . . . . . . . . . 11 . . . 3 . . 53 Treads 2089 | 32 364 10 1009 87 . . . . . . 65 70 129 323 . . . . . . . . Legs 4357 | . . . 31 532 862 966 98 357 703 600 151 . . 4 . . 53 . . . . . Wheels 2488 | . 666 1269 553 . . . . . . . . . . . . . . . . . . . Hover 279 | . . . . . . . . . . . . . . 141 . . . . . . . 138 Flight 2841 | . . . . . . . . . . . . . . 703 277 455 164 128 614 108 142 250 Fastest Speed 20 | 50 110 110 120 120 120 120 120 120 112 112 120 160 160 27 23 27 27 27 24 20 20 27 Average Speed 108 | 138 131 123 144 129 120 120 120 120 136 135 198 166 160 67 38 27 49 30 26 23 45 72 Slowest Speed 400 | 160 160 240 240 232 120 120 120 120 190 190 240 240 160 190 350 27 120 47 150 24 112 400 Overloaded Moves 14 | . . . . . . . . . . . . . . . 13 . . . . . . 1 Propulsion Burnouts . | . . . . . . . . . . . . . . . . . . . . . . . Robots Hopped 48 | . . . . . . . . . . . . . . 10 2 1 . . 26 2 . 7 Potential Cave-ins . | . . . . . . . . . . . . . . . . . . . . . . . Cave-ins Triggered 1 | . . . . . . . . . . . . . 1 . . . . . . . . . Teleports 1 | . . . . . . . . . . . . . . . . . . . . 1 . . Exploration Rate (%) 53 | 5 100 50 89 13 96 98 80 48 19 75 56 69 23 36 53 77 63 34 29 7 92 14 Regions Visited 22 Branch Regions 16 Pre-discovered Areas 11 | . 1 2 2 . . 1 1 . . . . . . 1 . . 3 . . . . . Known Exits Taken 12 | . . . . 1 . . . . 1 . . 1 1 1 1 1 1 1 1 1 1 . Unknown Exits Taken 10 | 1 1 1 1 . 1 1 1 1 . 1 1 . . . . . . . . . . . Scrap Searched 29 | . . 11 7 . 6 1 . . . . . . . . 3 1 . . . . . . Spaces Dug 54 | . 5 . . 4 . . . 1 9 . . . 8 18 . 1 . . 7 . . 1 Terrain Destroyed 389 | . 96 49 . 7 24 1 . 2 37 7 . . 18 130 . 1 . . 7 . . 10 Melee 45 | . . . . 4 . . . . 7 . . . 8 18 . 1 . . 7 . . . Projectile 76 | . . . . . . 1 . 2 30 7 . . 10 24 . . . . . . . 2 AOE 267 | . 96 49 . 3 24 . . . . . . . . 87 . . . . . . . 8 Terrain Rammed . | . . . . . . . . . . . . . . . . . . . . . . . Walls Destroyed . | . . . . . . . . . . . . . . . . . . . . . . . Machines Disabled . | . . . . . . . . . . . . . . . . . . . . . . . Actions | -11 -10 -10 -8 -6 -6 -6 -6 -5 -5 -5 -5 -5 -5 -4 -4 -4 -4 -3 -3 -3 -3 -2 --------- Run | Yrd Mat Sub Scr Fac Low Low Dat Pro Fac Ext Cet Arc Hub Fac Upp Upp Zhi Pro Res Arm Lab Res Total 14418 | 50 1186 1361 1675 927 956 1043 106 440 1000 762 304 120 162 1524 312 510 231 134 734 143 177 561 Wait 1148 | . 69 . 3 236 54 64 9 69 108 30 50 32 2 160 18 53 . 3 76 22 16 74 Move 12022 | 39 1029 1278 1592 618 861 965 97 356 702 599 215 69 128 1153 283 452 216 127 570 104 141 428 Hop 38 | . . . . . . . . . . . . . . 7 2 1 . . 21 1 . 6 Pick Up 115 | 4 9 12 30 7 5 3 . . 12 5 1 3 1 9 . 1 1 . 4 2 4 2 Fast Attach 137 | 6 1 . 3 8 4 1 . 2 17 9 6 1 2 36 2 1 8 1 15 3 3 8 Attach 76 | . 4 6 1 9 4 1 . 1 15 . 2 1 1 14 1 . 1 . 5 . 3 7 Detach 53 | . 1 . 3 7 2 1 . 2 10 . . 2 . 8 2 . 1 . 5 1 2 6 Swap 92 | . 5 13 6 2 5 . . 1 15 12 4 3 6 14 . . . . 1 2 . 3 Drop 136 | . . 5 37 6 6 2 . 3 9 15 11 3 1 19 2 1 4 2 3 . 3 4 Fire 441 | . 65 47 . 28 13 6 . 6 86 56 15 5 13 61 . . . . 19 . 1 20 Melee 101 | . . . . 6 2 . . . 24 . . . 8 39 2 1 . 1 14 . 4 . Ram 1 | . 1 . . . . . . . . . . . . . . . . . . . . . Kick 5 | . . . . . . . . . 1 4 . . . . . . . . . . . . Crush 7 | 1 2 . . . . . . . . . . . . 4 . . . . . . . . Escape Stasis 5 | . . . . . . . . . . 5 . . . . . . . . . . . . Rewire 41 | . . . . . . . . . 1 27 . 1 . . . . . . 1 8 . 3 Trap . | . . . . . . . . . . . . . . . . . . . . . . . Miscellaneous . | . . . . . . . . . . . . . . . . . . . . . . . Route ------- -11/Scrapyard -10/Materials (discovered 6 exits: [*Mat x3] / *Min x2 / *Sub) -10/Subcaves -8/Scraptown (discovered 2 exits: *Fac x2) -6/Factory (discovered 2 exits: *Low x2) -6/Lower Caves -6/Lower Caves (discovered 2 exits: *Fac / *Dat) -6/Data Miner -5/Proximity Caves -5/Factory (discovered 4 exits: *Upp x2 / *Ext x2) -5/Extension (discovered 2 exits: *Fac / *Cet) -5/Cetus (discovered 2 exits: *Fac / [*Arc]) -5/Archives -5/Hub_04(d) (discovered 4 exits: *Fac x4) -4/Factory -4/Upper Caves -4/Upper Caves -4/Zhirov -3/Proximity Caves -3/Research (discovered 2 exits: *Res / *Arm) -3/Armory -3/Lab -2/Research History --------- Turn | Location | Event 14 | -11/Scrapyard | Discovered new exit (range 13) 70 | -11/Scrapyard | Entered Materials 302 | -10/Materials | Build established: Mutant 329 | -10/Materials | Discovered new exit (range 9) 496 | -10/Materials | Discovered new exit (range 10) 570 | -10/Materials | Derelicts attacked the area 632 | -10/Materials | Discovered new exit (range 4) 712 | -10/Materials | Discovered new exit (range 13) 929 | -10/Materials | Discovered new exit (range 16) 943 | -10/Materials | Identified exit to Mines 1294 | -10/Materials | Discovered new exit (range 15) 1676 | -10/Materials | Entered Subcaves 1677 | -10/Subcaves | Approached by a straggling Scientist 1763 | -10/Subcaves | Disturbed a concealed Subdweller 1770 | -10/Subcaves | Core integrity fell below 50% 1807 | -10/Subcaves | Disturbed a concealed Subdweller 2044 | -10/Subcaves | Learned 4 Materials zone layouts 2157 | -10/Subcaves | Learned location of Zion (-7) 2157 | -10/Subcaves | Met a Zionite searching for "candidates" 2297 | -10/Subcaves | Shifting Twisted Machinery released Riot Gun 2329 | -10/Subcaves | Shifting Twisted Machinery released Mak. Kinetic Plating 2661 | -10/Subcaves | Core integrity fell below 20% 2691 | -10/Subcaves | Lost 3 parts (1n2w) 2808 | -10/Subcaves | Lost 3 parts (1n2w) 3049 | -10/Subcaves | Build established: Derelict-Mutant 3247 | -10/Subcaves | Learned location of Mines (-10) 3277 | -10/Subcaves | Visited 4L-MR0's lab 3292 | -10/Subcaves | Found Rainbow Chip 3368 | -10/Subcaves | Build established: Mutant 3399 | -10/Subcaves | Entered Scraptown 3476 | -8/Scraptown | Visited UFD Registry 3476 | -8/Scraptown | Registered with UFD as "Electrocell" 3486 | -8/Scraptown | Visited Fellowship of the Rings 3531 | -8/Scraptown | Visited SPCMW 3567 | -8/Scraptown | Visited Shadow of the Wyrm 3607 | -8/Scraptown | Scanned Subdweller tech in exchange for log data 3611 | -8/Scraptown | Learned location of Armory (-3) 3612 | -8/Scraptown | Learned location of Quarantine (-3) 3613 | -8/Scraptown | Learned Research terminal intel 3614 | -8/Scraptown | Learned Factory trap positions 3618 | -8/Scraptown | Heard Great Nut preacher, LISTEN AND RECITE! 3632 | -8/Scraptown | Discovered new exit (range 5) 4312 | -8/Scraptown | Visited CPS Storage 4328 | -8/Scraptown | Visited Red Mages 4424 | -8/Scraptown | Visited Bundlers 4566 | -8/Scraptown | Visited Cyclists 4577 | -8/Scraptown | Entered Cyclist Reading Room 4714 | -8/Scraptown | Visited Chapter 10 4765 | -8/Scraptown | Visited A0-MCA Data Center 4775 | -8/Scraptown | Given an A- rating by A0-MCA 4781 | -8/Scraptown | Found A0-MCA's Component Scanner 4810 | -8/Scraptown | Visited Abandonware Association 4843 | -8/Scraptown | Learned abandonware demo "REPAIR.EXE" 4993 | -8/Scraptown | Visited Botcube Research 5002 | -8/Scraptown | Found Botcube 5033 | -8/Scraptown | Visited Infowarlord's Domain 5066 | -8/Scraptown | Visited Scrap Suit Storage 5107 | -8/Scraptown | Visited Junk Cannon Lab 5118 | -8/Scraptown | Found Prototype Special Weapon 5176 | -8/Scraptown | Visited Curators Association 5212 | -8/Scraptown | Visited Scrapoid Pod Storage 5223 | -8/Scraptown | Found Scrapoid Pod 5481 | -8/Scraptown | Found Spectral Analyzer 5525 | -8/Scraptown | Found Scrap Suit 5666 | -8/Scraptown | Met Optimus 5666 | -8/Scraptown | Accepted into 0bPrime 5754 | -8/Scraptown | Discovered new exit (range 5) 5760 | -8/Scraptown | Entered Factory 5760 | -6/Factory | Evolved 8 slots: Propulsion x2, Utility x5, Weapon x1 5761 | -6/Factory | Loaded intel: 96 trap records 5761 | -6/Factory | Attached Rainbow Chip, gained temporary slots: Power, Propulsion, Utility, Weapon 5805 | -6/Factory | Identified Junk Cannon 6256 | -6/Factory | Discovered new exit (range 13) 6806 | -6/Factory | Identified exit to Lower Caves 6934 | -6/Factory | Entered Lower Caves 6936 | -6/Lower Caves | Scrapoid Pod released 06L05-D (x5) 7136 | -6/Lower Caves | Learned Factory terminal intel 7240 | -6/Lower Caves | Spotted B-75 Beast 7251 | -6/Lower Caves | Allies destroyed B-75 Beast 7546 | -6/Lower Caves | Build established: Scavenger-Skirmisher 7906 | -6/Lower Caves | Attracted the attention of an 0b10 base 7986 | -6/Lower Caves | Attacked by a delusional Derelict stockpiling Unaware 8047 | -6/Lower Caves | Discovered new exit (range 7) 8088 | -6/Lower Caves | Entered another Lower Caves area 8088 | -6/Lower Caves | Accompanied by 6 allies 8138 | -6/Lower Caves | Discovered new exit (range 19) 8159 | -6/Lower Caves | Encountered a Warlord checkpoint 8225 | -6/Lower Caves | Build established: Scavenger-Mutant 8387 | -6/Lower Caves | Learned Factory trap positions 8721 | -6/Lower Caves | Attracted the attention of an 0b10 checkpoint 9111 | -6/Lower Caves | Discovered new exit (range 6) 9150 | -6/Lower Caves | Build established: Mutant 9331 | -6/Lower Caves | Entered Data Miner 9331 | -6/Data Miner | Accompanied by 4 allies 9331 | -6/Data Miner | Discovered new exit (range 6) 9345 | -6/Data Miner | Met Data Miner 9390 | -6/Data Miner | Learned location of Section 7 (-2) 9390 | -6/Data Miner | Acquired the access code to Warlord's prototype stash 9412 | -6/Data Miner | Received God Mode back door access code from Data Miner 9457 | -6/Data Miner | Entered Proximity Caves 9457 | -5/Proximity Caves | Accompanied by 4 allies 9478 | -5/Proximity Caves | Learned Factory terminal intel 9584 | -5/Proximity Caves | Acquired the password to a Derelict Tinkerer's latest research 9592 | -5/Proximity Caves | Found Prototype Special Weapon 9592 | -5/Proximity Caves | Identified Molecular Deconstructor 9750 | -5/Proximity Caves | Spotted B-75 Beast 9831 | -5/Proximity Caves | Received a Behemoth hack from an annoying Tinkerer 9840 | -5/Proximity Caves | Discovered new exit (range 6) 9903 | -5/Proximity Caves | Build established: Hacker-Skirmisher 9969 | -5/Proximity Caves | Entered Factory 9969 | -5/Factory | Accompanied by 3 allies 9969 | -5/Factory | Evolved 2 slots: Utility x2 9970 | -5/Factory | Loaded intel: 103 trap records 9971 | -5/Factory | Loaded intel: 27 terminal locations 10173 | -5/Factory | Lost 3 allies 10198 | -5/Factory | Spotted B-75 Beast 10215 | -5/Factory | Befriended a Behemoth using the annoying Tinkerer's hack 10325 | -5/Factory | Lost 10 parts (2p1n4u3w) 10496 | -5/Factory | Loaded intel: 8 recycling unit locations 10595 | -5/Factory | Identified exit to Upper Caves 10595 | -5/Factory | Identified exit to Extension 10824 | -5/Factory | Build established: Hacker-Mutant 10982 | -5/Factory | Incoming investigation squad redirected 11025 | -5/Factory | Fabricated Y-54 Guardian (x2) 11177 | -5/Factory | Scrapoid reinforcements arrived 11194 | -5/Factory | Incoming investigation squad redirected 11233 | -5/Factory | Garrison activated, responded to threat 11394 | -5/Factory | Entered Extension 11394 | -5/Extension | Accompanied by 3 allies 11594 | -5/Extension | Rescued A7 11667 | -5/Extension | Build established: Scavenger-Tank 11681 | -5/Extension | Rescued a captive Derelict 11755 | -5/Extension | Rescued a captive Derelict 11756 | -5/Extension | Rescued a captive Derelict 11773 | -5/Extension | Rescued a captive Derelict 11774 | -5/Extension | Rescued a captive Derelict 11876 | -5/Extension | Rescued a captive Derelict 11924 | -5/Extension | Spotted B-75 Beast 11924 | -5/Extension | Rescued a captive Derelict 11930 | -5/Extension | Befriended a Behemoth using the annoying Tinkerer's hack 11932 | -5/Extension | Spotted B-75 Beast 11956 | -5/Extension | Allies destroyed B-75 Beast 12090 | -5/Extension | Rescued a captive Derelict 12092 | -5/Extension | Rescued a captive Derelict 12189 | -5/Extension | Lost 3 allies 12194 | -5/Extension | Disrupted transfer network 12348 | -5/Extension | Discovered new exit (range 10) 12349 | -5/Extension | Discovered new exit (range 6) 12427 | -5/Extension | Entered Cetus 12427 | -5/Cetus | Accompanied by 16 allies (A7) 12432 | -5/Cetus | Acquired a Cetus Manufacturing Module code from A7 12443 | -5/Cetus | Spotted Cetus Guard 12443 | -5/Cetus | Spotted Cetus Guard 12446 | -5/Cetus | Spotted Cetus Guard 12446 | -5/Cetus | Spotted Cetus Guard 12447 | -5/Cetus | Destroyed Cetus Guard 12455 | -5/Cetus | Allies destroyed Cetus Guard 12466 | -5/Cetus | Allies destroyed Cetus Guard 12469 | -5/Cetus | Allies destroyed Cetus Guard 12496 | -5/Cetus | Lost 4 allies 12501 | -5/Cetus | Build established: Commander-Tank 12601 | -5/Cetus | Started Cetus Manufacturing Module 12626 | -5/Cetus | Manufactured an Enhanced Grunt 12651 | -5/Cetus | Manufactured an Enhanced Grunt 12667 | -5/Cetus | Discovered new exit (range 15) 12676 | -5/Cetus | Manufactured an Enhanced Grunt 12700 | -5/Cetus | Spotted Cetus Guard 12701 | -5/Cetus | Manufactured an Enhanced Grunt 12703 | -5/Cetus | Spotted Cetus Guard 12703 | -5/Cetus | Spotted Cetus Guard 12705 | -5/Cetus | Destroyed Cetus Guard 12721 | -5/Cetus | Spotted Cetus Guard 12726 | -5/Cetus | Manufactured an Enhanced Grunt 12726 | -5/Cetus | Allies destroyed Cetus Guard 12727 | -5/Cetus | Destroyed Cetus Guard 12736 | -5/Cetus | Allies destroyed Cetus Guard 12741 | -5/Cetus | Discovered new exit (range 15) 12754 | -5/Cetus | Met Revision 17 12765 | -5/Cetus | Lost 4 allies 12795 | -5/Cetus | System corruption reached 10% 12963 | -5/Cetus | Entered Archives 12963 | -5/Archives | Accompanied by 13 allies (A7) 13017 | -5/Archives | Botcube activated 13031 | -5/Archives | Botcube completed mutation into legged form, armed with 1 gun, 1 melee weapon. 13036 | -5/Archives | Lost 6 allies 13093 | -5/Archives | Discovered new exit (range 16) 13130 | -5/Archives | Identified exit to Hub_04(d) 13139 | -5/Archives | Entered Hub_04(d) 13139 | -5/Hub_04(d) | Accompanied by 7 allies 13151 | -5/Hub_04(d) | Identified exit to Factory 13179 | -5/Hub_04(d) | Crushed by falling debris 13215 | -5/Hub_04(d) | P-70 Sage assimilated allied VM-EP8(g) 13317 | -5/Hub_04(d) | Core integrity fell below 50% 13408 | -5/Hub_04(d) | Lost 3 allies 13423 | -5/Hub_04(d) | Entered Factory 13423 | -4/Factory | Evolved 2 slots: Power x1, Utility x1 13424 | -4/Factory | Loaded intel: 25 terminal locations 13712 | -4/Factory | Build established: Scavenger-Assassin 13729 | -4/Factory | Repaired Centrium Heavy Treads 13785 | -4/Factory | Repaired Centrium Heavy Treads 14150 | -4/Factory | Loaded intel: 8 recycling unit locations 14150 | -4/Factory | Learned location of Protoforge (-2) 14168 | -4/Factory | Incoming investigation squad redirected 14288 | -4/Factory | Lost 8 parts (2p4u2w) 14309 | -4/Factory | Destroyed 9 combat bots 14347 | -4/Factory | Cargo convoy interrupted 14352 | -4/Factory | Lost 8 parts (1p6u1w) 14455 | -4/Factory | System corruption reached 10% 14574 | -4/Factory | Lost 4 parts (1p1n1u1w) 14575 | -4/Factory | Spotted Executioner 14597 | -4/Factory | Incoming assault squad redirected 14632 | -4/Factory | Spotted B-86 Titan 14651 | -4/Factory | Garrison activated, responded to threat 14673 | -4/Factory | First assault squad dispatched 14689 | -4/Factory | Incoming assault squad redirected 14703 | -4/Factory | Incoming assault squad redirected 14740 | -4/Factory | Incoming investigation squad redirected 14775 | -4/Factory | Discovered new exit (range 20) 14790 | -4/Factory | Identified exit to Upper Caves 14790 | -4/Factory | Entered Upper Caves 14812 | -4/Upper Caves | Learned 4 Research zone layouts 14832 | -4/Upper Caves | Lost 4 parts (1p3u) 14847 | -4/Upper Caves | Spotted B-86 Titan 14887 | -4/Upper Caves | Core integrity fell below 50% 14921 | -4/Upper Caves | Attracted the attention of an 0b10 checkpoint 14923 | -4/Upper Caves | Discovered new exit (range 21) 14929 | -4/Upper Caves | Identified exit to Upper Caves 14929 | -4/Upper Caves | Entered another Upper Caves area 14954 | -4/Upper Caves | Learned Research trap positions 15070 | -4/Upper Caves | Attracted the attention of an 0b10 checkpoint 15079 | -4/Upper Caves | Encountered a Warlord checkpoint 15108 | -4/Upper Caves | Discovered new exit (range 13) 15111 | -4/Upper Caves | Identified exit to Zhirov 15111 | -4/Upper Caves | Entered Zhirov 15111 | -4/Zhirov | Discovered new exit (range 3) 15112 | -4/Zhirov | Identified exit to Proximity Caves 15117 | -4/Zhirov | Met Zhirov 15123 | -4/Zhirov | Learned location of Testing (-2) 15123 | -4/Zhirov | Learned location of Command (-1) 15127 | -4/Zhirov | Zhirov requested help retrieving the SGEMP Prototype 15134 | -4/Zhirov | Lost 3 parts (3u) 15134 | -4/Zhirov | Found Alien Artifact 15138 | -4/Zhirov | Found Alien Artifact 15138 | -4/Zhirov | Identified Integrated Dissipator 15138 | -4/Zhirov | Installed Integrated Dissipator, increased core heat dissipation (+20) 15235 | -4/Zhirov | Entered Proximity Caves 15272 | -3/Proximity Caves | Attracted the attention of an 0b10 checkpoint 15280 | -3/Proximity Caves | Discovered new exit (range 8) 15282 | -3/Proximity Caves | Identified exit to Research 15282 | -3/Proximity Caves | Entered Research 15282 | -3/Research | Evolved 2 slots: Propulsion x2 15283 | -3/Research | Identified exit to Armory 15283 | -3/Research | Lost 4 parts (1p2u1w) 15285 | -3/Research | Loaded intel: 109 trap records 15286 | -3/Research | Loaded intel: 22 terminal locations 15442 | -3/Research | Spotted B-86 Titan 15482 | -3/Research | Revision forces began assault on 0b10 15490 | -3/Research | Discovered new exit (range 16) 15497 | -3/Research | Identified exit to Research 15522 | -3/Research | Lost 3 parts (2u1w) 15553 | -3/Research | Loaded intel: 5 recycling unit locations 15644 | -3/Research | Entered Armory 15674 | -3/Armory | Repaired Exp. Propulsion Shielding 15681 | -3/Armory | Loaded intel: 2 recycling unit locations 15708 | -3/Armory | Identified Transdimensional Reconstructor 15708 | -3/Armory | Warped through subspace to slip node 15708 | -3/Armory | Discovered new exit (range 1) 15708 | -3/Armory | Identified exit to Lab 15710 | -3/Armory | Entered Lab 15710 | -3/Lab | Discovered exit to Research (range 9) 15717 | -3/Lab | Unable to decrypt terminal 15717 | -3/Lab | Opened the door to a hidden lab 15718 | -3/Lab | Gained access to the hidden lab's interior 15718 | -3/Lab | Unable to decrypt terminal 15719 | -3/Lab | Detected by scanners 15728 | -3/Lab | Confronted by A5 15764 | -3/Lab | Found Prototype Hackware 15779 | -3/Lab | Found Prototype Energy Gun 15780 | -3/Lab | Found Prototype Protection 15820 | -3/Lab | Entered Research 15820 | -2/Research | Evolved 2 slots: Power x1, Propulsion x1 15850 | -2/Research | Lost 3 parts (1n1u1w) 15906 | -2/Research | Identified Exp. Powered Armor 15908 | -2/Research | Identified Hyp. EM Gauss Rifle 16159 | -2/Research | Identified Deep Network Scanner 16257 | -2/Research | System corruption reached 10% 16275 | -2/Research | Core integrity fell below 50% 16286 | -2/Research | Core integrity fell below 20% 16294 | -2/Research | Destroyed by C-57 Dissector with Dual-blade Saw Last Messages --------------- Penetrated by Slug. Slug penetrates Reinforced Barrier. P-80 Master resets A-15 Conveyor, system corruption cleaned. Exp. Gyrokinetic Inverter severed. U-05 Engineer lays Concrete. U-05 Engineer builds a Wall. Slug penetrates Wall. Hacking Suite severed. System corrupted: Energy discharge (-17). U-05 Engineer lays Concrete. Slug penetrates Wall. Penetrated by Slug. ALERT: Garrison Access compromised, dispatching multiple assault carriers. Garrison Access disabled. Adv. Terrain Scan Processor severed. Slug penetrates Wall. Adv. Signal Interpreter severed. System corrupted: Energy discharge (-20). Map ----- +----------------------------------------------------+ | ??????????? # # # """""" | | ??????????! ! # # # | | ??????????############## # # | | ????????????############ # # """""" | | ????????????# ########### """""" | | ????????????# #?????????# """""" | | ????????????+ #?????????# | | ????????????# "" #????????## | | ????????????# "G" #?#################+## | | ????????????# " " #? #???# ?# | | ????????????# # ###?# #? | | ????????????# # #??## ## | | ???????????? + ### | | ???????????? # """ """????# | | ???????????? # """T??????## | | ???????????? #########?????#?# | | ???????????? #??????????????##+### | | ?????????????### #??????????????? ?? ? | | ???????????????# #?????????????????? | | ???????????????# #???????????????? ?? | | ???????????????# c ######?????????????? | | ???????????????# #??????????????? | | ???????????????# #??????????????? | | ???????????????# c #??????????????? | | ???????????????# c +??????????????? | | ???????????????+ @ #??????????????? | | ???????????????# #??????????????? | | ???????????????# #####+####### #??????????????? | | ???????????????# ????????????? #??????????????? | | ???????????????+ ???????????????#??????????????? | | ???????????????# ???????????????????????????????? | | ???????????????# ????????????????????????????????? | | ?????????????????????????????????????????????????? | | ?????????????????????????????????????????????????? | | ?????????????????????????????????????????????????? | | ?????????????????????????????????????????????????? | | ?????????????????????????????????????????????????? | | ?????????????????????????????????????????????????? | | ?????????????????????????????????????????????????? | | ?????????????????????????????????????????????????? | | ?????????????????????????????????????????????????? | | ?????????????????????????H???????????????????????? | | ?????????????????????????????????????????????????? | | ?????????????????????????????????????????????????? | | ?????????????????????????????????????????????????? | | ?????????????????????????????????????????????????? | | | | | | | | | +----------------------------------------------------+ Best States ------------- Heat Dissipation 81 Energy Generation 39 Energy Capacity 950 Matter Stores 400 Matter Capacity 400 Sight Range 24 Robot Scan Range 16 Terrain Scan Range 24 Terrain Scan Density 285 ECM Strength 2 Jamming Range 16 Additional Mass Support 20 Armor Coverage 900 Resistance: KI 25 Propulsion Shielding 90 Weapon Cycling 20 Melee Speed Boost 20 Phase Shifting 10 Evasion (%) 76 Melee Accuracy 13 Target Analysis 6 Recoil Reduction 4 Offensive Hacking 45 Defensive Hacking 24 Item Schematics ----------------- Combat Drone Bay | -6/Data Miner | Free Lgt. Regenerative Plating | -6/Data Miner | Free Enh. Armored Leg | -6/Data Miner | Free Imp. Energy Well | -6/Data Miner | Free Neutron Cannon | -6/Data Miner | Free Hvy. Siege Treads | -6/Data Miner | Free Imp. Armor Integrity Analyzer | -6/Data Miner | Free Dispersion Rifle | -6/Data Miner | Free Variable Charge Gun | -6/Data Miner | Free Imp. Thunder Leg | -6/Data Miner | Free Nova Cannon | -6/Data Miner | Free Adv. Medium Treads | -6/Data Miner | Free Assault Drone Bay | -4/Zhirov | Free Exp. Heat Sink | -4/Zhirov | Free Exp. Optical Array | -4/Zhirov | Free Imp. Arc Thrower | -4/Zhirov | Free Robot Schematics ------------------ Y-54 Guardian | -6/Data Miner | Free S-27 Virus | -6/Data Miner | Free P-60 Hacker | -6/Data Miner | Free G-50 Soldier | -6/Data Miner | Free A-15 Conveyor | -6/Data Miner | Free Fabricated ------------ Y-54 Guardian | x2 | -5/Factory Repaired ---------- Centrium Heavy Treads | 54% | -4/Factory Centrium Heavy Treads | 63% | -4/Factory Exp. Propulsion Shielding | 38% | -3/Armory Alien Tech Used ----------------- Integrated Dissipator Transdimensional Reconstructor Achievements -------------- Generalissimo Preemptive Strike Woof! Challenges ------------ None Game ------ Seed BiocellVariablePod Manual? 0 Play Time 05:16:53 Cumulative 105.2 hours Start 2025.05.26 @ 18:36:47 End 2025.05.27 @ 22:41:58 Sessions 3 Manual Loads 0 Difficulty Rogue Special Mode None Game No. 108 Rogue 108 Adventurer 0 Explorer 0 Win Type - Total 2 Types 1/0/0/1/0/0/0/0/0/0 Lore% 55 Gallery% 54 Achievement% 48 Wizard Run 0 Options --------- Layout 1 ASCII 0 Keyboard 1 Movement Numpad Keybinds 0 Fullscreen 1 Font 24/Smallcaps Map View 50x35 Zoom Use 73% Tactical HUD 0 Map Filters NONE Filters NONE Steam 1 RUN: be20a7fa-3ef2-4491-a1cb-6969385f2661